 Dungeon Crawl Stone Soup version 0.29.0-4-gdea44cf6ec (webtiles) character file.

Game seed: 12007000855658453038

233400 Prepator the Eclecticist (level 19, -31/148 HPs)
             Began as a Djinni Conjurer on Aug 26, 2022.
             Was the Champion of Makhleb.
             Annihilated by a rockslime (56 damage)
             ... on level 5 of the Pits of Slime on Aug 27, 2022.
             The game lasted 07:02:24 (37683 turns).

Prepator the Eclecticist (Djinni Conjurer)         Turns: 37683, Time: 07:02:24

Health: -31/148    AC:  1    Str:  5    XL:     19   Next: 86%
Gold:   2870       EV: 11    Int: 33    God:    Makhleb [******] SH: 12 Dex: 10

rFire   + + .      SeeInvis +   d - +5 war axe of the Piercing Gods {speed, Stlth+}
rCold   x . .      Faith    .   k - +0 kite shield {reflect}
rNeg    + . .      Spirit   .   X - +0 troll leather armour
rPois   ∞          Reflect  +   z - +2 helmet "Olys" {Harm Will+ Dex+2}
rElec   +          Harm     +   S - +2 ratskin cloak {*Rats rPois rN+ Str-1 Int-1 Dex+1}
rCorr   .          Rampage  .   V - +1 pair of gloves
Will    ++...                   (boots unavailable)
Stlth   +.........              (no amulet)
HPRegen 1.14/turn               f - ring "Roanop" {rElec Int+6 Dex-5 SInv Stlth-}
MPRegen 0.00/turn               Q - +4 ring of protection

@: corroded, flying
A: sickness immunity, fire resistance 2, cold vulnerability 1, float, innate
caster, HP casting, extra vitality 1, deformed body
}: 2/15 runes: decaying, serpentine
a: Renounce Religion, Minor Destruction, Lesser Servant of Makhleb, Major
Destruction, Greater Servant of Makhleb


You were on level 5 of the Pits of Slime.
You worshipped Makhleb.
Makhleb was exalted by your worship.
You visited 8 branches of the dungeon, and saw 37 of its levels.
You also visited: Sewer.

You collected 3133 gold pieces.
You spent 263 gold pieces at shops.

Inventory:

Hand Weapons
 d - the +5 war axe of the Piercing Gods (weapon) {speed, Stlth+}
   (You bought it in a shop on level 11 of the Dungeon)

   Attacks with this weapon are significantly faster.
   Stlth:     It makes you more stealthy.
Missiles
 F - 12 curare-tipped darts
 U - 31 poisoned darts (quivered)
 W - a throwing net
Armour
 k - a +0 kite shield of reflection (worn)
 l - the +3 chain mail of Cowardice {Rampage rPois rF++ Int+3}
   (You found it on level 4 of the Swamp)

   Int:       It affects your intelligence (+3).
   rF:        It greatly protects you from fire.
   rPois:     It protects you from poison.
   Rampage:   It bestows one free step when moving towards enemies.
 o - the +1 helmet of the World {rCorr Stlth+}
   (You found it on level 4 of the Lair of Beasts)

   rCorr:     It protects you from acid and corrosion.
   Stlth:     It makes you more stealthy.
 z - the +2 helmet "Olys" (worn) {Harm Will+ Dex+2}
   (You took it off Robin on level 4 of the Dungeon)

   Dex:       It affects your dexterity (+2).
   Harm:      It increases damage dealt and taken.
   Will:      It increases your willpower.
 O - a +2 kite shield
 S - the +2 ratskin cloak (worn) {*Rats rPois rN+ Str-1 Int-1 Dex+1}
   (You found it on level 8 of the Dungeon)

   When the wearer is hurt, rats may emerge from it to assist them.
   Str:       It affects your strength (-1).
   Int:       It affects your intelligence (-1).
   Dex:       It affects your dexterity (+1).
   rPois:     It protects you from poison.
   rN:        It protects you from negative energy.
 V - a +1 pair of gloves (worn)
 X - a +0 troll leather armour (worn)
Jewellery
 f - the ring "Roanop" (left hand) {rElec Int+6 Dex-5 SInv Stlth-}
   (You acquired it on level 10 of the Dungeon)

   [ring of intelligence]

   Int:       It affects your intelligence (+6).
   Dex:       It affects your dexterity (-5).
   rElec:     It insulates you from electricity.
   SInv:      It lets you see invisible.
   Stlth:     It makes you less stealthy.
 Q - a +4 ring of protection (right hand)
Wands
 g - a wand of mindburst (20)
 p - a wand of paralysis (16)
 u - a wand of digging (12)
 A - a wand of polymorph (24)
 C - a wand of flame (92)
 L - a wand of acid (11)
 R - a wand of roots (5)
Scrolls
 a - 2 scrolls of poison
 b - 4 scrolls of enchant weapon
 c - 2 scrolls of identify
 i - a scroll of silence
 m - 20 scrolls of teleportation
 n - 8 scrolls of fear
 q - a scroll of summoning
 t - 7 scrolls of enchant armour
 w - 4 scrolls of blinking
 E - 2 scrolls of magic mapping
 G - a scroll of fog
 J - 3 scrolls of brand weapon
Potions
 e - 13 potions of curing
 h - 3 potions of ambrosia
 s - 10 potions of might
 v - 4 potions of lignification
 x - 3 potions of invisibility
 D - 5 potions of brilliance
 I - 3 potions of berserk rage
 M - 3 potions of cancellation
 N - 2 potions of heal wounds
 P - 2 potions of resistance
 T - 2 potions of haste
Miscellaneous
 j - a phial of floods
 y - a box of beasts
 B - a lightning rod (4/4)
 Z - a lightning rod (4/4)


   Skills:
 + Level 17.5 Fighting
 + Level 10.9 Armour
 - Level 6.0 Dodging
 - Level 1.5 Stealth
 - Level 14.0 Shields
 + Level 18.4 Spellcasting


You had one spell level left.
You knew the following spells:

 Your Spells              Type           Power      Damage    Failure   Level
a - Magic Dart            Conj           100%       1d8       0%          1
b - Searing Ray           Conj           100%       2d8       0%          2
c - Dazzling Flash        Conj/Hex       100%       N/A       0%          3
d - Fulminant Prism       Conj/Hex       50%        3d23      0%          4
e - Iskenderun's Mystic   Conj/Tloc      100%       2d19      0%          4
f - Slow                  Hex            100%       N/A       0%          1
g - Wereblood             Tmut           100%       N/A       0%          2
h - Ozocubu's Armour      Ice            100%       N/A       0%          3
i - Ignite Poison         Fire/Tmut/Pois 100%       N/A       0%          3
j - Yara's Violent Unrav  Hex/Tmut       50%        3d19      1%          5
k - Metabolic Englaciati  Hex/Ice        50%        N/A       1%          5
l - Starburst             Conj/Fire      50%        6d14      1%          6
m - Haunt                 Necr/Summ      50%        N/A       1%          7
n - Enfeeble              Hex            50%        N/A       1%          7
Your spell library was empty.

Dungeon Overview and Level Annotations

Branches:
Dungeon (15/15)            Temple (1/1) D:5            Lair (5/5) D:8
  Swamp (4/4) Lair:3        Snake (4/4) Lair:3        Slime (5/5) Lair:5
    Orc (2/2) D:10            Elf (0/3) Orc:2        Vaults (1/5) D:13
 Depths (0/4) D:15          Sewer (visited)

Altars:
Ashenzari
Cheibriados
Dithmenos
Elyvilon
Fedhas
Gozag
Hepliaklqana
Makhleb
Nemelex Xobeh
Okawaru
Qazlal
Ru
Trog
Uskayaw
Wu Jian
Xom
Yredelemnul
Zin
The Shining One
Jiyva

Shops:
D:11 (   D:13 :   Orc:2 *[(=:   Snake:1 ?   Snake:3 :==

Annotations:
D:11 3 runed translucent doors, exclusion: 3 doors, Piexesis's ghost, journeyman BaMo
Swamp:2 2 transporters, Piask's ghost, adept FoAK
Slime:5 Royal Jelly
Orc:1 2 runed translucent doors, exclusion: 2 doors, astronautguy's ghost, journeyman GrMo
Vaults:1 Zenata


Innate Abilities, Weirdness & Mutations

You are immune to sickness and miasma.
You are immune to poison.
Your flesh is very heat resistant. (rF++)
You are vulnerable to cold. (rC-)
You float through the air rather than walking.
You learn spells naturally, not from books.
Your magical power is your life essence.
You have superior vitality. (+4 MHP)
Armour fits poorly on your strangely shaped body.


Message History

The blast of energy engulfs the acid blob!!
The acid blob is moderately wounded.
Unknown command.
Casting: Fulminant Prism (safe; 0% risk of failure)
Confirm with . or Enter, or press ? or * to list all spells.
You erupt in a blast of force!
The mystic blast hits the acid blob!
The acid blob is almost dead.
The acid blob is knocked back by the mystic blast.
* * * LOW HITPOINT WARNING * * *
The acid blob jiggles.
The acid blob spits acid at you. The splash of acid hits you.
* * * LOW HITPOINT WARNING * * *
The acid corrodes you!
A rockslime comes into view.
Okay, then.
As you read the scroll of teleportation, it crumbles to dust.
You feel strangely unstable.
Casting: Iskenderun's Mystic Blast (safe; 0% risk of failure)
Confirm with . or Enter, or press ? or * to list all spells.
You erupt in a blast of force!
The mystic blast hits the acid blob!!
You kill the acid blob!
Makhleb accepts your kill.
You feel better.
The mystic blast hits the acid blob!!
The acid blob is severely wounded.
The acid blob is knocked back by the mystic blast.
The rockslime quivers.
* * * LOW HITPOINT WARNING * * *
Casting: Iskenderun's Mystic Blast (safe; 0% risk of failure)
Confirm with . or Enter, or press ? or * to list all spells.
Your icy armour thickens.
* * * LOW HITPOINT WARNING * * *
Your surroundings suddenly seem different.
Your icy armour cracks and falls away as you move.
A rockslime comes into view.
Found a stone staircase leading up.
The rockslime quivers.
A quicksilver ooze comes into view.
The rockslime hits you!!!
You die...

...^....###
........#.####..
..........#.#...
.......<........
................
...............#
................
.......@........
.......J........
................
................
................
................
...J..............
##.................
#..................


You could see a rockslime and a quicksilver ooze (wandering).

Vanquished Creatures
  Vashnia (Snake:3)
  Jorgrun (Snake:2)
  8 acid blobs
  3 azure jellies
  Frances (Snake:1)
  Donald (Swamp:4)
  4 nagarajas (Snake:4)
  6 rockslimes
  A fenstrider witch (Swamp:3)
  2 orc warlords
  Louise (Swamp:4)
  Aizul (Snake:1)
  An ironbound preserver (D:13)
  A stone giant (D:15)
  8 quicksilver oozes
  3 eleionomae
  2 bunyips
  2 shambling mangroves
  2 great orbs of eyes
  4 fire dragons
  17 hydras
  An anaconda (shapeshifter) (D:13)
  7 centaur warriors
  2 boulder beetles
  A death knight (D:15)
  10 naga warriors
  2 salamander tyrants (Snake:4)
  A spriggan air mage (Swamp:4)
  3 anacondas (Snake:1)
  3 two-headed ogres
  6 death yaks (Lair:3)
  2 tengu warriors (D:15)
  A spriggan berserker (Swamp:3)
  13 naga sharpshooters
  2 orc high priests (Orc:2)
  6 alligators
  12 shock serpents
  Sonja (Orc:2)
  6 salamander mystics
  3 skeletal warriors (D:13)
  A fire crab (Swamp:4)
  6 goliath frogs
  5 sea snakes (Snake:4)
  2 spriggan druids (Swamp:4)
  3 bog bodies
  7 swamp dragons
  A glowing orange brain (Slime:4)
  4 naga ritualists
  3 deep elf pyromancers
  A lindwurm (Swamp:4)
  2 ironbound convokers (Vaults:1)
  A harpy (shapeshifter) (D:14)
  5 orc knights
  9 cyclopes
  23 ugly things
  3 mana vipers
  3 orc sorcerers (Orc:2)
  2 shining eyes (Slime:1)
  44 slime creatures
  11 salamanders
  2 manticores
  A will-o-the-wisp (Swamp:4)
  21 black mambas
  13 elephants
  2 gargoyles (D:12)
  7 naga magi
  A guardian serpent (Snake:1)
  Joseph (D:8)
  A molten gargoyle (Swamp:4)
  9 cane toads
  3 rime drakes
  An efreet (D:12)
  6 torpor snails
  Maggie (D:6)
  2 unseen horrors
  13 komodo dragons
  11 tyrant leeches
  3 trolls
  3 meliai (D:15)
  Prince Ribbit (D:7)
  Grinder (D:3)
  10 hornets
  5 polar bears
  17 dream sheep (Lair:5)
  15 blink frogs
  6 spriggans
  3 wyverns
  A shadow (D:12)
  2 vampires
  2 wraiths
  47 yaks
  2 basilisks
  16 vampire mosquitoes
  7 golden eyes
  7 steam dragons
  3 wargs
  34 nagas
  Duvessa (D:5)
  2 acid dragons
  15 swamp worms
  21 water moccasins
  7 swamp drakes
  34 orc warriors
  2 black bears
  10 wolves
  8 ogres
  22 centaurs
  A phantom (D:6)
  2 kobold brigands (D:9)
  13 bullfrogs
  2 necrophages
  2 gnoll sergeants (D:9)
  3 scorpions
  11 wights
  Dowan (D:5)
  4 killer bees
  7 electric eels (Snake:4)
  7 howler monkeys
  2 jellies (Lair:5)
  22 orc priests
  8 hounds
  A gnoll bouda (D:7)
  4 iguanas
  7 hell rats
  35 orc wizards
  A mummy (D:8)
  Robin (D:4)
  14 adders
  4 gnolls (D:7)
  2 river rats (Sewer)
  3 shadow imps
  2 white imps
  3 worms
  2 dart slugs
  104 orcs
  12 endoplasms
  8 giant cockroaches
  14 goblins
  9 hobgoblins
  8 jackals
  4 kobolds
  13 quokkas
  18 ball pythons
  15 bats
  5 frilled lizards
  A goblin zombie (D:7)
  9 rats
  7 fulminant prisms
1081 creatures vanquished.

Vanquished Creatures (collateral kills)
  2 salamander tyrants (Snake:4)
  A naga warrior (Snake:4)
  A naga sharpshooter (Snake:4)
  A naga ritualist (Snake:4)
  A komodo dragon (Lair:5)
  A swamp worm (Swamp:2)
  A naga (Snake:4)
8 creatures vanquished.

Vanquished Creatures (others)
  A swamp dragon (Swamp:4)
  A lindwurm (Swamp:4)
  4 bloated husks
  A steam dragon (Swamp:4)
  3 swamp worms (Swamp:3)
  3 swamp drakes (Swamp:4)
  2 foxfires (Swamp:4)
  999 fulminant prisms
  39 fungi
  102 plants
1155 creatures vanquished.

Grand Total: 2244 creatures vanquished

Notes
Turn   | Place    | Note
-------+----------+-------------------------------------------
     0 | D:1      | Prepator the Djinni Conjurer began the quest for the Orb.
     0 | D:1      | Prepator set off with the following spells memorised: Magic
                  | Dart, Searing Ray, Dazzling Flash, Fulminant Prism,
                  | Iskenderun's Mystic Blast.
     0 | D:1      | Reached XP level 1. HP: 15/15 MP: 0/0
   292 | D:1      | Reached XP level 2. HP: 15/22 MP: 0/0
   394 | D:1      | Reached skill level 1 in Fighting
   848 | D:1      | Found a faded altar of an unknown god.
   969 | D:1      | Reached XP level 3. HP: 26/27 MP: 0/0
   969 | D:1      | Learned a level 1 spell: Slow
  1853 | D:2      | Reached XP level 4. HP: 29/33 MP: 0/0
  2730 | D:2      | Reached skill level 4 in Spellcasting
  2869 | D:3      | Found a stormy altar of Qazlal.
  3028 | D:3      | Reached XP level 5. HP: 35/40 MP: 0/0
  3028 | D:3      | Learned a level 2 spell: Wereblood
  3462 | D:3      | Noticed Grinder
  3471 | D:3      | Killed Grinder
  3472 | D:3      | Reached XP level 6. HP: 20/48 MP: 0/0
  3778 | D:3      | Reached XP level 7. HP: 49/53 MP: 0/0
  3778 | D:3      | Learned a level 3 spell: Ozocubu's Armour
  3845 | D:3      | Reached skill level 5 in Spellcasting
  4203 | D:3      | Found a shadowy altar of Dithmenos.
  4203 | D:3      | Found a broken altar of Ashenzari.
  4203 | D:3      | Found a sacrificial altar of Ru.
  4204 | D:3      | Found a basalt altar of Yredelemnul.
  4362 | D:4      | Reached skill level 5 in Fighting
  5025 | D:4      | Identified the +2 robe of Fuyfir {Str+4}
  5210 | D:4      | Identified the +2 helmet "Olys" {Harm Will+ Dex+2}
  5210 | D:4      | Noticed Robin
  5214 | D:4      | Reached XP level 8. HP: 57/60 MP: 0/0
  5223 | D:4      | Killed Robin
  5597 | D:5      | Entered Level 5 of the Dungeon
  5770 | D:5      | Found a glowing drain.
  5808 | Sewer    | Entered a sewer
  6482 | D:5      | Reached skill level 6 in Spellcasting
  6898 | D:5      | Noticed Dowan
  6904 | D:5      | Killed Dowan
  6905 | D:5      | Noticed Duvessa
  6915 | D:5      | Killed Duvessa
  6943 | D:5      | Reached XP level 9. HP: 32/68 MP: 0/0
  6943 | D:5      | Learned a level 3 spell: Ignite Poison
  7497 | D:5      | Found a staircase to the Ecumenical Temple.
  7611 | Temple   | Entered the Ecumenical Temple
  7636 | Temple   | Became a worshipper of Makhleb the Destroyer
  7768 | D:5      | Identified the +8 sling "Hellblazer" {flame, Dex+2}
  7957 | D:6      | Found an ornate altar of the Wu Jian Council.
  7987 | D:6      | Reached skill level 7 in Spellcasting
  8277 | D:6      | Noticed Maggie
  8301 | D:6      | Found an opulent altar of Gozag.
  8317 | D:6      | Killed Maggie
  8594 | D:6      | Reached * piety under Makhleb
  8595 | D:6      | Reached XP level 10. HP: 66/78 MP: 0/0
  9319 | D:7      | Reached skill level 8 in Spellcasting
  9496 | D:7      | Found an iron altar of Okawaru.
  9766 | D:7      | Noticed Prince Ribbit
  9782 | D:7      | Killed Prince Ribbit
  9829 | D:7      | Found a bloodstained altar of Trog.
 10147 | D:7      | Reached skill level 10 in Fighting
 10320 | D:8      | Found a staircase to the Lair.
 10328 | D:8      | Noticed Joseph
 10591 | D:8      | Killed Joseph
 10592 | D:8      | Reached skill level 9 in Spellcasting
 10778 | D:8      | Reached ** piety under Makhleb
 11240 | D:8      | Found a snail-covered altar of Cheibriados.
 11258 | D:8      | Found the +2 ratskin cloak {*Rats rPois rN+ Str-1 Int-1
                  | Dex+1}
 11553 | D:9      | Reached XP level 11. HP: 86/87 MP: 0/0
 11553 | D:9      | Learned a level 5 spell: Yara's Violent Unravelling
 12331 | D:9      | Noticed a manticore
 12338 | D:9      | Killed a manticore
 12446 | D:9      | Reached skill level 10 in Spellcasting
 12459 | D:9      | Reached skill level 1 in Armour
 12515 | D:9      | Noticed a centaur warrior
 12520 | D:9      | HP: 1/89 [centaur warrior (4)]
 12526 | D:8      | HP: 3/133 [centaur warrior (2)]
 12533 | D:8      | Killed a centaur warrior
 12533 | D:8      | Reached *** piety under Makhleb
 13007 | D:9      | Reached skill level 1 in Shields
 13134 | D:9      | Noticed a two-headed ogre
 13141 | D:9      | Killed a two-headed ogre
 13161 | D:9      | Noticed a white ugly thing
 13169 | D:9      | Killed a white ugly thing
 13180 | D:9      | Noticed a boulder beetle
 13583 | D:9      | Found a white marble altar of Elyvilon.
 13583 | D:9      | Found a glowing golden altar of the Shining One.
 13583 | D:9      | Found a glowing silver altar of Zin.
 13668 | D:9      | Reached skill level 5 in Armour
 13668 | D:9      | Reached XP level 12. HP: 44/95 MP: 0/0
 13677 | D:9      | Killed a boulder beetle
 14186 | D:10     | Entered Level 10 of the Dungeon
 14218 | D:10     | Identified a scroll of acquirement
 14218 | D:10     | Acquired the ring "Roanop" {rElec Int+6 Dex-5 SInv Stlth-}
 14952 | D:10     | Found a staircase to the Orcish Mines.
 15350 | Orc:1    | Entered Level 1 of the Orcish Mines
 15350 | Orc:1    | Noticed an orc warlord
 15501 | D:11     | Found Yporr's Antique Weapon Emporium.
 15679 | D:11     | Reached **** piety under Makhleb
 15681 | D:11     | Noticed a two-headed ogre
 15690 | D:11     | Killed a two-headed ogre
 15691 | D:11     | Reached skill level 5 in Shields
 15784 | D:11     | Noticed a minotaur
 15786 | D:11     | Noticed Piexesis's ghost (journeyman BaMo)
 15809 | D:11     | Found a runed translucent gate.
 15809 | D:11     | Found a runed translucent gate.
 15809 | D:11     | Found a runed translucent gate.
 16475 | D:11     | Bought a crystal war axe for 263 gold pieces
 16475 | D:11     | Identified the +5 war axe of the Piercing Gods {speed,
                  | Stlth+} (You bought it in a shop on level 11 of the
                  | Dungeon)
 16558 | Lair:1   | Entered Level 1 of the Lair of Beasts
 17166 | Lair:1   | Found a hazy altar of Hepliaklqana.
 17311 | Lair:2   | Reached skill level 11 in Spellcasting
 17335 | Lair:2   | Reached XP level 13. HP: 102/102 MP: 0/0
 17335 | Lair:2   | Learned a level 5 spell: Metabolic Englaciation
 18054 | Lair:3   | Found a staircase to the Snake Pit.
 18144 | Lair:3   | Reached ***** piety under Makhleb
 18252 | Lair:3   | Found a snail-covered altar of Cheibriados.
 18302 | Lair:3   | Found a staircase to the Swamp.
 18368 | Lair:3   | Reached skill level 10 in Shields
 19029 | Lair:4   | Noticed a four-headed hydra
 19038 | Lair:3   | Killed a four-headed hydra
 19090 | Lair:4   | Reached XP level 14. HP: 105/112 MP: 0/0
 19526 | Lair:4   | Identified the +1 helmet of the World {rCorr Stlth+}
 19920 | Lair:5   | Entered Level 5 of the Lair of Beasts
 20730 | Lair:5   | Reached ****** piety under Makhleb
 20858 | Lair:5   | Found a viscous altar of Jiyva.
 20858 | Lair:5   | Found a staircase to the Slime Pits.
 20904 | Lair:5   | Reached XP level 15. HP: 118/118 MP: 0/0
 20904 | Lair:5   | Learned a level 6 spell: Starburst
 21491 | Swamp:1  | Entered Level 1 of the Swamp
 22567 | Orc:1    | Reached skill level 15 in Fighting
 22567 | Orc:1    | Reached skill level 12 in Spellcasting
 22573 | Orc:1    | Killed an orc warlord
 22616 | Orc:1    | You are sucked into a shaft and drop 1 floor!
 22616 | Orc:2    | Entered Level 2 of the Orcish Mines
 22943 | Orc:2    | Noticed an orc warlord
 22953 | Orc:2    | Killed an orc warlord
 23100 | Orc:2    | Found Gubu's Jewellery Boutique.
 23179 | Orc:2    | Found a staircase to the Elven Halls.
 23283 | Orc:2    | Found Ocot's General Store.
 23307 | Orc:2    | Found Qacoh's Antique Weapon Boutique.
 23321 | Orc:2    | Found Riagef's Antique Armour Boutique.
 23394 | Orc:2    | Noticed Sonja
 23396 | Orc:2    | Found Tahopn's Vocational Training.
 23398 | Orc:2    | Killed Sonja
 23874 | Orc:1    | Found a large runed translucent door.
 23877 | Orc:1    | Found a large runed translucent door.
 23881 | Orc:1    | Noticed astronautguy's ghost (journeyman GrMo)
 25099 | D:13     | Noticed an ironbound preserver
 25110 | D:13     | Killed an ironbound preserver
 25479 | D:13     | Reached XP level 16. HP: 128/128 MP: 0/0
 25664 | D:13     | Found a gate to the Vaults.
 25752 | D:13     | Found Qomun's Book Emporium.
 26351 | D:14     | Reached skill level 13 in Spellcasting
 26805 | D:14     | Found a white marble altar of Elyvilon.
 26852 | D:15     | Entered Level 15 of the Dungeon
 27105 | D:15     | Reached skill level 14 in Spellcasting
 27121 | D:15     | Found a staircase to the Depths.
 27231 | D:15     | Identified the +1 leather armour "Cizux" {Harm +Inv Dex-3
                  | SInv}
 28118 | Snake:1  | Entered Level 1 of the Snake Pit
 28386 | Swamp:2  | Reached XP level 17. HP: 125/133 MP: 0/0
 28386 | Swamp:2  | Learned a level 7 spell: Haunt
 28466 | Swamp:2  | Reached skill level 15 in Spellcasting
 28622 | Swamp:2  | Noticed Piask's ghost (adept FoAK)
 28636 | Swamp:2  | Found a transporter.
 28684 | Swamp:2  | Found a transporter.
 29435 | Swamp:4  | Entered Level 4 of the Swamp
 29452 | Swamp:4  | Noticed Louise
 29466 | Swamp:4  | Killed Louise
 29688 | Swamp:4  | Reached skill level 16 in Spellcasting
 29692 | Swamp:4  | Noticed Donald
 29701 | Swamp:4  | Killed Donald
 30089 | Swamp:4  | Got a decaying rune of Zot
 30226 | Swamp:4  | Identified the +3 chain mail of Cowardice {Rampage rPois
                  | rF++ Int+3}
 30661 | Vaults:1 | Entered Level 1 of the Vaults
 30722 | Vaults:1 | Noticed Zenata
 31252 | Snake:1  | Noticed Frances
 31268 | Snake:1  | Killed Frances
 31275 | Snake:1  | Noticed Aizul
 31281 | Snake:1  | Killed Aizul
 31429 | Snake:1  | Reached skill level 17 in Spellcasting
 31488 | Snake:1  | Reached XP level 18. HP: 138/139 MP: 0/0
 31553 | Snake:1  | Found Kofom's Magic Scroll Boutique.
 32042 | Snake:2  | Noticed Jorgrun
 32051 | Snake:2  | Killed Jorgrun
 33403 | Snake:3  | Found Serch's Jewellery Shop.
 33404 | Snake:3  | Found Noiseych's Book Shoppe.
 33406 | Snake:3  | Found Ajen's Jewellery Shop.
 33547 | Snake:4  | Entered Level 4 of the Snake Pit
 33547 | Snake:4  | Noticed Vashnia
 33700 | Snake:3  | Killed Vashnia
 34147 | Snake:4  | Reached skill level 18 in Spellcasting
 34618 | Snake:4  | Reached skill level 5 in Dodging
 34733 | Snake:4  | Reached XP level 19. HP: 146/147 MP: 0/0
 34733 | Snake:4  | Learned a level 7 spell: Enfeeble
 35155 | Snake:4  | Got a serpentine rune of Zot
 35430 | Slime:1  | Entered Level 1 of the Pits of Slime
 35498 | Slime:1  | Gained mutation: Armour fits poorly on your strangely
                  | shaped body. [a shining eye]
 36040 | Slime:1  | You are sucked into a shaft and drop 1 floor!
 36050 | Slime:2  | Reached skill level 10 in Armour
 37525 | Slime:5  | Entered Level 5 of the Pits of Slime
 37658 | Slime:5  | Noticed the Royal Jelly
 37676 | Slime:5  | HP: 7/148 [acid blob/splash of acid (10)]
 37677 | Slime:5  | HP: 2/148 [acid blob/splash of acid (32)]
 37683 | Slime:5  | Annihilated by a rockslime

Illustrated notes

Levels and vault maps discovered:
D:1:      amcnicky_arrival_underground_garden, layout_loops_ring,
          shapermc_ecumenical_altar_pompeii, corner_web_ring, minmay_tripent
D:2:      minmay_evil_eye, layout_basic, minmay_hexomino_c4
D:3:      layout_loops_ring, nicolae_qazlal_eye_of_the_storm,
          chequers_temple_overflow_statue_of_worship, minmay_fountain_box,
          uniq_grinder
D:4:      layout_basic, uniq_robin
D:5:      layout_gridville, minmay_temple_entry_antechambers,
          gup_sewer_entry_pipe, uniq_duvessa
D:6:      layout_rooms, overflow_temple_1_default, kennysheep_mini,
          minmay_door_square, uniq_maggie
D:7:      layout_rooms, mainiacjoe_overflow_six_doors_small,
          mainiacjoe_overflow_alcove_4, enter_ossuary_3, uniq_prince_ribbit1
D:8:      layout_basic, slow_altar_1, mainiacjoe_overflow_alcove_1,
          lair_entry_dummy, uniq_joseph
D:9:      minmay_quarter_circles, layout_basic, dreamdust_divine_triumvirate,
          chequers_serial_rivers_large_b, serial_bayou_crossing
D:10:     layout_rooms, david_orc_4
D:11:     layout_cave_pools, serial_shops, nicolae_shop_stone,
          maelrawn_ghost_gauntlet_escape
D:12:     layout_loops_ring, nicolae_straight_to_the_point
D:13:     layout_stronghold, skrybe_vaults_entry_preservation, serial_shops,
          shop
D:14:     layout_rooms, elyvilon_altar_3
D:15:     grunt_enter_depths_snipers, layout_long_grid, item_on_display_a
Temple:   hellmonk_temple_beads
Lair:1:   layout_cellular_growth, basic_altar
Lair:2:   layout_gridlike
Lair:3:   layout_cave_pods, skrybe_swamp_entry_bodies,
          minmay_snake_entry_six_corridors, serial_bayou_pond_e,
          kennysheep_snail_temple
Lair:4:   layout_long_grid
Lair:5:   guppyfry_lair_end_dragon, layout_loops_ring,
          minmay_slime_entry_pillars, chequers_serial_rivers_small_3,
          st_stairs_3, wad_woods_road_02, grunt_megastairs_2, lemuel_fruit_tree
Swamp:1:  layout_basic_swamp, serial_swamp_ruin, evilmike_swamp_ruin_house_5,
          evilmike_swamp_ruin_house_4, evilmike_swamp_ruin_wall, swamp_pool2
Swamp:2:  layout_falls_marsh, gammafunk_ghost_abyssal_escape,
          evilmike_swamp_ruin_rubble_1
Swamp:3:  layout_falls_marsh, nicolae_swamp_well_well_well, swamp_pool2
Swamp:4:  swamp_fiery, layout_basic_swamp, uniq_donald, uniq_louise
Snake:1:  layout_misc_corridors, nicolae_take_the_stairs, st_stairs_10,
          uniq_frances, uniq_aizul
Snake:2:  layout_basic, nicolae_snake_gridmaze_entwining, uniq_jorgrun
Snake:3:  layout_rooms, minmay_shop_grove
Snake:4:  minmay_snake_end_coiled, layout_misc_corridors, nicolae_snake_bzzzt,
          serial_bayou_shore_a, uniq_vashnia
Slime:1:  layout_caves, nicolae_slime_phagocytosis
Slime:2:  layout_caves
Slime:3:  layout_caves
Slime:4:  layout_caves
Slime:5
Orc:1:    layout_caves, ebering_ghost_disaster_area, minmay_orc_temple_b
Orc:2:    grunt_orc_cross, layout_diamond_mine, nicolae_shop_vocational,
          uniq_sonja
Vaults:1: nicolae_vaults_ring_of_whatevers, nicolae_vaults_diagonal_hallway_6,
          nicolae_vaults_alarming, vaults_room_grunt_arrival_ludios,
          vaults_dpeg_ring, layout_vaults_omnigrid, uniq_zenata

Skill      XL: |  1  2  3  4  5  6  7  8  9 10 11 12 13 14 15 16 17 18 19 |
---------------+----------------------------------------------------------+-----
Fighting       | 1 2 3 4 5 7 9 11 12 14 16 17 | 17.5
Spellcasting   | 4 5 6 7 9 10 11 12 14 17 18 | 18.4
Armour         | 5 7 9 10 | 10.9
Shields        | 2 6 11 13 14 | 14.0
Dodging        | 5 6 |  6.0
Stealth        | |  1.5

Action                   |  1- 3 |  4- 6 |  7- 9 | 10-12 | 13-15 | 16-18 | 19-21 || total
-------------------------+-------+-------+-------+-------+-------+-------+-------++-------
Melee: Dagger            |     3 |       |       |       |       |       |       ||     3
       Spear             |       |     2 |       |       |       |       |       ||     2
       Dire flail        |       |       |       |     9 |       |       |       ||     9
       War axe           |       |       |       |       |     5 |       |     2 ||     7
Throw: Dart              |       |       |       |     2 |     2 |     1 |     2 ||     7
       Throwing net      |       |       |       |     1 |       |       |       ||     1
 Cast: Magic Dart        |    65 |    75 |   139 |    68 |    29 |     2 |    12 ||   390
       Searing Ray       |     3 |    10 |    35 |    41 |    69 |    24 |     4 ||   186
       Iskenderun's Myst |       |       |     8 |    34 |   104 |   147 |    57 ||   350
       Fulminant Prism   |       |       |    24 |   126 |   322 |   440 |    97 ||  1009
       Slow              |       |       |     1 |    29 |    57 |    85 |     9 ||   181
       Ozocubu's Armour  |       |       |       |    12 |    14 |    43 |     9 ||    78
       Starburst         |       |       |       |       |     8 |    12 |     1 ||    21
       Metabolic Englaci |       |       |       |       |       |    31 |    12 ||    43
       Haunt             |       |       |       |       |       |     3 |     8 ||    11
       Wereblood         |       |       |       |       |       |       |     1 ||     1
Evoke: Wand              |       |       |       |     1 |       |       |       ||     1
  Use: Scroll            |       |       |    11 |    10 |     2 |     7 |     2 ||    32
       Potion            |       |       |       |     2 |       |       |     5 ||     7
 Stab: Sleeping          |     1 |     1 |       |       |     1 |       |       ||     3
Armor: Robe              |     2 |       |     8 |    30 |       |       |       ||    40
       Skin              |       |       |       |     9 |       |       |       ||     9
       Troll leather arm |       |       |       |    10 |    49 |    89 |     4 ||   152
Dodge: Dodged            |     7 |     8 |    25 |    59 |    39 |    75 |     5 ||   218
Block: Kite shield       |       |       |       |       |    96 |   145 |     7 ||   248
       Reflection        |       |       |       |       |       |    14 |       ||    14
